 Dungeon Crawl Stone Soup version 0.17-a0-1399-gd5b76e1 (webtiles) character file.

5029 bal the Nimble (level 10, 0/53 HPs)
             Began as a Vine Stalker Monk on June 19, 2015.
             Was a Priest of Qazlal.
             Slain by Erica
             ... wielding a +2 scimitar of flaming
              (1 damage)
             ... on level 9 of the Dungeon.
             The game lasted 00:36:45 (7852 turns).

bal the Nimble (Vine Stalker Monk)                  Turns: 7852, Time: 00:36:45

Health: 0/53       AC: 11    Str: 23    XL:     10   Next: 55%
Magic:  0/12       EV: 19    Int: 10    God:    Qazlal [***...]
Gold:   534        SH:  4    Dex: 19    Spells: 0 memorised, 9 levels left

rFire  . . .     SeeInvis .     v - +1 war axe (elec)
rCold  . . .     Clarity  .     n - +1 troll leather armour
rNeg   . . .     SustAt   .     (no shield)
rPois  .         Gourm    .     r - +1 helmet
rElec  .         Spirit   +     (no cloak)
rCorr  .         Warding  .     (no gloves)
rMut   .         Stasis   .     F - +2 pair of boots {Stlth+}
MR     +....                    (no amulet)
Stlth  +++.......               (no ring)
                                I - +3 ring of strength

@: mighty, lethally poisoned (0 -> 0), slowed, very slow, somewhat resistant to
hostile enchantments, fairly stealthy
A: fangs 3, hooves 1, blurry vision 1, regeneration 2, magic shield, antimagic
bite, no device heal 3, rot immunity, subdued magic 1
a: Upheaval, Elemental Force, Renounce Religion


You were on level 9 of the Dungeon.
You worshipped Qazlal.
Qazlal was most pleased with you.
You were hungry.

You visited 2 branches of the dungeon, and saw 10 of its levels.
You also visited: Sewer.

You collected 534 gold pieces.

Inventory:

Hand weapons
 i - a +3 dagger
 k - a +0 short sword of venom
 u - a cursed -1 dagger
 v - a +1 war axe of electrocution (weapon)
 y - a +4 dagger
 E - a cursed +2 spear
 K - a cursed +1 trident
 L - a +3 falchion
 M - a +2 morningstar
Missiles
 x - 8 tomahawks (quivered)
 z - 8 javelins
 C - 54 sling bullets
Armour
 n - a +1 troll leather armour (worn)
 r - a +1 helmet (worn)
 t - a +0 helmet
 F - a +2 pair of boots of stealth (worn)
 G - a +2 robe of magic resistance
Jewellery
 c - an uncursed ring of positive energy
 e - an uncursed amulet of resist mutation
 I - a +3 ring of strength (left hand)
Magical devices
 a - a wand of fireball (8)
 g - a wand of disintegration (0)
 p - a wand of invisibility (2)
 s - a wand of polymorph (6)
 D - a wand of paralysis (13)
 J - a wand of teleportation (0)
Scrolls
 h - 2 scrolls of identify
 q - a scroll of amnesia
 w - 4 scrolls of remove curse
 B - a scroll of recharging
Potions
 f - 2 potions of might
 l - a potion of brilliance
 A - 2 potions of resistance
Comestibles
 b - 4 bread rations
 d - 4 beef jerkies
 j - 2 royal jellies
 m - 3 chunks of flesh
 o - 6 meat rations


   Skills:
 + Level 6.1 Fighting
 + Level 4.5 Short Blades
 + Level 1.5(1.6) Axes
 + Level 0.5(1.1) Maces & Flails
 + Level 2.3 Throwing
 + Level 3.8 Armour
 + Level 8.7 Dodging
 + Level 7.1 Stealth
 + Level 4.3 Unarmed Combat
 + Level 0.8 Invocations
 + Level 1.7 Evocations


You had 9 spell levels left.
You didn't know any spells.

Dungeon Overview and Level Annotations

Branches:
Dungeon (9/15)             Temple (1/1) D:6            Lair (0/8) D:9
    Orc: D:9-12

Altars:
Ashenzari
Cheibriados
Dithmenos
Elyvilon
Fedhas
Gozag
Kikubaaqudgha
Makhleb
Nemelex Xobeh
Okawaru
Qazlal
Ru
Sif Muna
Trog
Vehumet
Xom
Yredelemnul
Zin
The Shining One

Shops:
D:7 (

Annotations:
D:9 Erica


Innate Abilities, Weirdness & Mutations

You have razor-sharp teeth.
You heal very quickly.
When hurt, damage is shared between your health and your magic reserves.
Your bite disrupts and absorbs the magic of your enemies.
Potions and wands cannot restore your health.
You are immune to rotting.
You have large cloven feet.
Scrolls take you a little longer to read.
Your spells are a little easier to cast, but a little less powerful.


Message History

Zapping:
J - a wand of teleportation {zapped: 5} (will waste charges)
Press: ? - help, Shift-Dir - straight line, f - you Nothing appears to happen.
You feel sick. Something hits you.
* * * LOW HITPOINT WARNING * * *
Something burns you.
* * * LOW HITPOINT WARNING * * *
Use which ability? (? or * to list)
You don't have enough magic at the moment.
Drink which item? (? for menu, Esc to quit)
You feel very mighty all of a sudden.
You feel sick. Something barely misses you.
You closely miss something. You punch something! Your bite misses something.
You feel sick. Something hits you.
* * * LOW HITPOINT WARNING * * *
Something burns you.
* * * LOW HITPOINT WARNING * * *
Something hits you.
* * * LOW HITPOINT WARNING * * *
Something burns you.
You die...

.......................# ..
........#####..........# ...
....÷...###............#....
...##.......##.#.#.....#...#
####........##...#.#........
............#......#........
...########.#......#........
...# ##.....§§...........
...+ #......§@{...######.
...# #..................
...######..................
..................>........
...........................
...........................
...........................
................##.#######.
................. ..


There were no monsters in sight!

Vanquished Creatures
  The ghost of Aiteri the Covert, an experienced SpEn of Dithmenos (D:8)
  Sigmund (D:2)
  4 hungry ghosts (D:9)
  The ghost of WellDressedCM the Sneak, an average DgAs (D:5)
  Menkaure (D:5)
  An orc warrior (D:6)
  3 ice beasts
  2 centaurs
  5 ogres
  5 giant frogs
  A scorpion (D:6)
  5 killer bees (D:9)
  6 wights
  2 crimson imps
  The ghost of bal the Ruffian, a weakling VSMo (D:6)
  2 giant frog zombies
  4 jellies
  9 orc wizards
  Ijyb (D:2)
  4 orc priests
  5 hounds
  2 iguanas
  Natasha (thrice) (D:3)
  5 worker ants
  2 hound zombies
  2 worker ant zombies
  A hound skeleton (D:4)
  4 gnolls (D:3)
  11 adders
  A shadow imp (D:5)
  An ooze (D:1)
  3 worms
  6 giant geckos
  25 orcs
  6 ball pythons
  13 bats
  A bat skeleton (D:6)
  4 giant cockroaches
  16 goblins
  26 hobgoblins
  8 jackals
  17 kobolds
  4 giant newts
  A jackal zombie (D:5)
  4 quokkas
  13 rats
  6 plants
249 creatures vanquished.

Vanquished Creatures (collateral kills)
  Erolcha (D:9)
1 creature vanquished.

Vanquished Creatures (others)
  A wizard (D:4)
  An orc (D:8)
2 creatures vanquished.

Grand Total: 252 creatures vanquished

Notes
Turn   | Place    | Note
--------------------------------------------------------------
     0 | D:1      | bal the Vine Stalker Monk began the quest for the Orb.
     0 | D:1      | Reached XP level 1. HP: 11/11 MP: 2/2
   130 | D:1      | Reached XP level 2. HP: 11/16 MP: 3/3
   365 | D:1      | Reached XP level 3. HP: 19/19 MP: 4/4
   825 | D:2      | Noticed Sigmund
   842 | D:2      | Killed Sigmund
   842 | D:2      | Reached skill level 1 in Short Blades
   842 | D:2      | Reached XP level 4. HP: 3/24 MP: 2/5
   842 | D:2      | Reached XP level 5. HP: 3/28 MP: 2/6
  1580 | D:2      | Found a faded altar to an unknown god.
  1581 | D:2      | Noticed Ijyb
  1605 | D:2      | Killed Ijyb
  1605 | D:2      | Gained mutation: You heal very quickly. [Vine Stalker growth]
  1605 | D:2      | Reached XP level 6. HP: 29/32 MP: 5/7
  2072 | D:3      | Noticed Natasha
  2082 | D:3      | Killed Natasha
  2082 | D:3      | Reached skill level 5 in Stealth
  2291 | D:3      | Noticed Natasha
  2381 | D:3      | Killed Natasha
  2437 | D:3      | Noticed Natasha
  2439 | D:3      | Killed Natasha
  2503 | D:3      | Found a glowing drain.
  2511 | Sewer    | Entered a sewer
  2702 | Sewer    | Reached XP level 7. HP: 36/36 MP: 8/8
  3448 | D:4      | Found a bloodstained altar of Trog.
  3842 | D:4      | Noticed a wizard
  3848 | D:4      | Killed a wizard
  3906 | D:5      | Entered Level 5 of the Dungeon
  3910 | D:5      | Noticed WellDressedCM's ghost (average DgAs)
  3915 | D:5      | Reached skill level 5 in Dodging
  3923 | D:5      | Noticed Menkaure
  4003 | D:5      | Killed WellDressedCM's ghost
  4003 | D:5      | Reached skill level 1 in Throwing
  4003 | D:5      | Gained mutation: You have razor-sharp teeth. [Vine Stalker growth]
  4003 | D:5      | Reached XP level 8. HP: 34/42 MP: 9/9
  4011 | D:5      | Reached skill level 1 in Armour
  4011 | D:5      | Reached skill level 6 in Stealth
  4045 | D:5      | Killed Menkaure
  4749 | D:6      | Found a staircase to the Ecumenical Temple.
  4765 | Temple   | Entered the Ecumenical Temple
  4863 | Temple   | Became a worshipper of Qazlal Stormbringer
  4863 | Temple   | Acquired Qazlal's first power
  4863 | Temple   | Acquired Qazlal's second power
  4921 | D:6      | Noticed bal's ghost (weakling VSMo)
  4930 | D:6      | Killed bal's ghost
  4935 | D:6      | Reached skill level 5 in Fighting
  5008 | D:6      | Reached XP level 9. HP: 34/47 MP: 8/10
  5826 | D:6      | Found a deep blue altar of Sif Muna.
  6164 | D:7      | Found Bexziaw's Antique Weapon Emporium.
  6228 | D:7      | Reached skill level 7 in Stealth
  6477 | D:7      | Found a bloodstained altar of Trog.
  6614 | D:8      | Acquired Qazlal's third power
  7005 | D:8      | Gained mutation: Your spells are a little easier to cast, but a little less powerful. [potion of mutation]
  7005 | D:8      | Gained mutation: You have large cloven feet. [potion of mutation]
  7005 | D:8      | Gained mutation: Scrolls take you a little longer to read. [potion of mutation]
  7186 | D:8      | Noticed Aiteri's ghost (experienced SpEn)
  7239 | D:9      | Noticed Erolcha
  7378 | D:8      | Killed Aiteri's ghost
  7378 | D:8      | Reached XP level 10. HP: 39/53 MP: 9/11
  7516 | D:9      | Killed Erolcha
  7516 | D:9      | Reached skill level 8 in Dodging
  7516 | D:9      | Reached skill level 1 in Evocations
  7664 | D:9      | HP: 1/53 [orc priest/divine providence (10)]
  7680 | D:9      | Found a staircase to the Lair.
  7751 | D:9      | Reached skill level 1 in Axes
  7833 | D:9      | Noticed Erica
  7852 | D:9      | HP: 1/53 [something (4)]
  7852 | D:9      | Slain by Erica

Vault maps used:
D:1:      eino_arrival_cavern_e, st_stairs_13,
          hangedman_abyss_or_decor_lesser_grid, minmay_misc_feat_pillars
D:2:      ecumenical_altar_2, uniq_sigmund, uniq_iyjb
D:3:      lightli_sewer_entry_pipes, uniq_natasha
D:4:      first_bread, trog_wizard
D:5:      uniq_menkaure
D:6:      minmay_temple_entry_statues_pillars, basic_altar, grunt_ministairs_2
D:7:      kennysheep_mini, serial_shops, nicolae_shop_crystal
D:9:      dpeg_oklobed_lair, basic_altar, hangedman_fish_farm, uniq_erolcha,
          uniq_erica
Temple:   kilobyte_greek_temple_18
Sewer:    sewer_co_scattered_pipes

Action                   |  1- 3 |  4- 6 |  7- 9 | 10-12 || total
-------------------------+-------+-------+-------+-------++-------
Melee: Unarmed           |     9 |       |       |       ||     9
       Mace              |    10 |       |       |       ||    10
       Dagger            |    88 |       |       |       ||    88
       Short sword       |     4 |   134 |   649 |       ||   787
       War axe           |       |       |     7 |    70 ||    77
Throw: Tomahawk          |       |     9 |    14 |     5 ||    28
       Javelin           |       |       |     2 |       ||     2
Invok: Elemental Force   |       |       |       |     1 ||     1
Evoke: Wand              |       |       |     7 |     4 ||    11
  Use: Scroll            |       |     7 |     9 |     4 ||    20
       Potion            |       |     4 |     8 |     2 ||    14
 Stab: Sleeping          |     6 |     6 |     9 |       ||    21
       Invisible         |       |     4 |       |       ||     4
  Eat: Fruit             |       |     3 |     2 |       ||     5
       Bread ration      |       |     1 |     1 |       ||     2
       Chunk             |       |       |     6 |     1 ||     7
       Meat ration       |       |       |     1 |       ||     1
